 Dungeon Crawl Stone Soup version 0.28.0-45-g0d030f2227 (webtiles) character file.

Game seed: 7857401780454220781

3308 protoss039 the Thaumaturge (level 9, -6/52 HPs)
             Began as a Deep Elf Air Elementalist on Apr 8, 2022.
             Was an Initiate of Sif Muna.
             Mangled by a wyvern (16 damage)
             ... on level 7 of the Dungeon.
             The game lasted 00:12:39 (8520 turns).

protoss039 the Thaumaturge (DEAE)                   Turns: 8520, Time: 00:12:39

Health: -6/52      AC:  5    Str:  5    XL:     9   Next: 70%
Magic:  6/24       EV: 13    Int: 25    God:    Sif Muna [......]
Gold:   363        SH:  0    Dex: 15    Spells: 17/27 levels left

rFire   + . .      SeeInvis .   n - +4 quarterstaff (chaos)
rCold   + . .      Faith    .   (shield currently unavailable)
rNeg    + . .      Spirit   .   u - +2 robe {rC+ rF+}
rPois   .          Reflect  .   (no helmet)
rElec   .          Harm     .   o - +0 cloak {rCorr}
rCorr   +          Rampage  .   (no gloves)
Will    .....                   (no boots)
Stlth   ++........              (no amulet)
HPRegen 0.17/turn               e - ring of positive energy
MPRegen 0.19/turn               (no ring)

@: swift, very quick
A: no striking features
a: Renounce Religion


You were on level 7 of the Dungeon.
You worshipped Sif Muna.
Sif Muna was noncommittal.
You visited 2 branches of the dungeon, and saw 8 of its levels.

You collected 393 gold pieces.
You spent 30 gold pieces at shops.

Inventory:

Hand Weapons
 n - a +4 quarterstaff of chaos (weapon)
 E - a +2 whip of flaming
Armour
 o - a +0 cloak of preservation (worn)
 u - a +2 robe of resistance (worn)
 y - +0 steam dragon scales
Jewellery
 e - a ring of positive energy (left hand)
Wands
 a - a wand of acid (12)
 f - a wand of digging (8)
 w - a wand of flame (13)
 C - a wand of iceblast (10)
Scrolls
 c - 3 scrolls of amnesia {unknown}
 d - a scroll of identify
 j - a scroll of immolation {unknown}
 k - 3 scrolls of enchant armour
 m - 3 scrolls of teleportation {unknown}
 q - a scroll of enchant weapon {unknown}
 r - a scroll of holy word {unknown}
 t - a scroll of torment {unknown}
 x - a scroll of vulnerability {unknown}
 z - a scroll of fog {unknown}
 B - a scroll of brand weapon {unknown}
Potions
 b - 2 potions of resistance {unknown}
 g - a potion of magic
 h - 2 potions of brilliance
 i - a potion of might {unknown}
 l - a potion of flight {unknown}
 s - a potion of haste {unknown}
 v - a potion of degeneration {unknown}
 A - a potion of heal wounds {unknown}
 D - a potion of berserk rage {unknown}
 F - a potion of lignification {unknown}


   Skills:
 * Level 4.1 Fighting
 - Level 3.0 Dodging
 - Level 3.0 Stealth
 + Level 9.7 Spellcasting
 + Level 7.7 Conjurations
 + Level 7.6 Air Magic
 * Level 3.4 Invocations


You had 17 spell levels left.
You knew the following spells:

 Your Spells              Type           Power      Damage    Failure   Level
a - Shock                 Conj/Air       100%       1d9       1%          1
b - Static Discharge      Conj/Air       50%        N/A       1%          2
c - Swiftness             Air            50%        N/A       1%          3
d - Airstrike             Air            25%        N/A       2%          4

Your spell library contained the following spells:

 Spells                   Type           Power      Damage    Failure   Level


Dungeon Overview and Level Annotations

Branches:
Dungeon (7/15)             Temple (1/1) D:6

Altars:
Ashenzari
Cheibriados
Dithmenos
Elyvilon
Fedhas
Gozag
Hepliaklqana
Kikubaaqudgha
Makhleb
Nemelex Xobeh
Okawaru
Qazlal
Ru
Sif Muna
Trog
Uskayaw
Vehumet
Xom
Yredelemnul
Zin
The Shining One

Shops:
D:4 [!(*(

Annotations:
D:5 1 exclusion


Message History

You feel sick.
The wyvern bites you but does no damage.
The wyvern closely misses you.
Unknown command.
Casting: Shock (safe; 1% risk of failure)
Confirm with . or Enter, or press ? or * to list all spells.
Aiming: Shock (safe; 1% risk of failure)
Press: ? - help, Shift-Dir - straight line The zap hits the wyvern.
The wyvern is moderately wounded.
The zap misses the killer bee.
You feel sick.
You are no longer poisoned.
The wyvern barely misses you.
Casting: Shock (safe; 1% risk of failure)
Confirm with . or Enter, or press ? or * to list all spells.
The wyvern is struck by an arc of lightning!
The wyvern is severely wounded.
The killer bee is struck by an arc of lightning.
The killer bee is almost dead.
The lightning grounds out.
The wyvern bites you but does no damage.
The wyvern closely misses you.
Unknown command.
Unknown command.
Casting: Static Discharge (safe; 1% risk of failure)
Confirm with . or Enter, or press ? or * to list all spells.
The wyvern is struck by an arc of lightning.
The wyvern is almost dead.
You are struck by an arc of lightning.
* * * LOW HITPOINT WARNING * * *
The wyvern is struck by an arc of lightning.
The wyvern is almost dead.
The lightning grounds out.
The wyvern bites you!
* * * LOW HITPOINT WARNING * * *
Unknown command.
Unknown command.
Unknown command.
Unknown command.
You feel better. The wyvern bites you!
You die...

#....................#
#....................#
####+#+##............#
#...............#
####............#
#......(#'#######
#.#####.#.# # ..#.#.#
# #.#@#.# #. #.#l#.#
#.. #.#y#+###..
#...#.#Z......_
+#.....#........
................
...............8
................
............._..


You could see a wyvern, a killer bee and a centaur zombie.

Vanquished Creatures
  Pikel (D:7)
  Maggie (D:6)
  A water moccasin (D:3)
  Duvessa (D:5)
  A hornet zombie (D:6)
  A black bear (D:5)
  2 necrophages
  An ogre (D:6)
  2 centaurs (D:6)
  2 lemures (D:7)
  A phantom (D:4)
  2 kobold brigands
  5 scorpions
  A wyvern zombie (D:6)
  Dowan (D:5)
  2 killer bees (D:7)
  2 water moccasin skeletons (D:7)
  A howler monkey (D:5)
  3 jellies
  3 hounds
  3 bullfrog skeletons
  3 orc priests
  A gnoll shaman (D:5)
  Crazy Yiuf (D:3)
  2 iguanas
  Terence (D:3)
  3 orc wizards
  Ijyb (D:4)
  A killer bee zombie (D:4)
  A hound skeleton (D:5)
  12 gnolls
  4 adders
  A white imp (D:7)
  An ufetubus (D:4)
  A dart slug (D:1)
  16 orcs
  7 endoplasms
  2 giant cockroaches
  A goblin (D:1)
  7 hobgoblins
  2 jackals (D:4)
  9 kobolds
  4 quokkas
  6 ball pythons
  9 bats
  3 frilled lizards
  3 rats
139 creatures vanquished.

Vanquished Creatures (others)
  An orc wizard (D:5)
1 creature vanquished.

Grand Total: 140 creatures vanquished

Notes
Turn   | Place    | Note
-------+----------+-------------------------------------------
     0 | D:1      | protoss039 the Deep Elf Air Elementalist began the quest
                  | for the Orb.
     0 | D:1      | Reached XP level 1. HP: 10/10 MP: 6/6
   409 | D:1      | Reached XP level 2. HP: 15/15 MP: 4/8
   777 | D:1      | Found a faded altar of an unknown god.
   935 | D:1      | Reached XP level 3. HP: 19/19 MP: 5/9
  1224 | D:1      | Learned a level 2 spell: Static Discharge
  1230 | D:2      | Learned a level 3 spell: Swiftness
  1911 | D:2      | Reached XP level 4. HP: 24/24 MP: 0/11
  2004 | D:3      | Reached skill level 4 in Spellcasting
  2143 | D:3      | Noticed Terence
  2160 | D:3      | Found a blossoming altar of Fedhas.
  2179 | D:3      | Killed Terence
  2351 | D:3      | Noticed a water moccasin
  2354 | D:3      | Reached XP level 5. HP: 9/28 MP: 3/13
  2566 | D:2      | Learned a level 4 spell: Airstrike
  2588 | D:3      | Killed a water moccasin
  2589 | D:3      | Reached skill level 5 in Spellcasting
  2955 | D:3      | Found a runed translucent door.
  2956 | D:3      | Noticed Crazy Yiuf
  3064 | D:3      | Killed Crazy Yiuf
  3065 | D:3      | Reached XP level 6. HP: 32/32 MP: 5/15
  3323 | D:4      | Found Fiufab Losk's Weapon Shoppe.
  3345 | D:4      | Found Urajuaw's Assorted Antiques.
  3791 | D:4      | Noticed Ijyb
  3795 | D:4      | Killed Ijyb
  3796 | D:4      | Reached skill level 1 in Fighting
  3903 | D:4      | Found Gymoan's Armour Emporium.
  3918 | D:4      | Reached XP level 7. HP: 38/38 MP: 11/17
  3983 | D:4      | Found Hymuiluf's Distillery.
  3988 | D:4      | Reached skill level 6 in Spellcasting
  3988 | D:4      | Reached skill level 5 in Air Magic
  4073 | D:4      | Bought a potion of curing for 30 gold pieces
  4230 | D:4      | Found Ivacsik's Weapon Boutique.
  4627 | D:5      | Entered Level 5 of the Dungeon
  4840 | D:5      | Reached skill level 5 in Conjurations
  4840 | D:5      | Reached XP level 8. HP: 46/46 MP: 11/20
  4897 | D:5      | Noticed Duvessa
  4898 | D:5      | Noticed Dowan
  4905 | D:5      | Killed Duvessa
  4906 | D:5      | Reached skill level 7 in Spellcasting
  4907 | D:5      | Killed Dowan
  5725 | D:5      | Found a sparkling altar of Nemelex Xobeh.
  5727 | D:5      | Found a stormy altar of Qazlal.
  5791 | D:5      | Found a hazy altar of Hepliaklqana.
  5873 | D:6      | Reached skill level 8 in Spellcasting
  6668 | D:6      | Reached XP level 9. HP: 28/50 MP: 0/23
  6834 | D:6      | Noticed Maggie
  6842 | D:6      | Killed Maggie
  6843 | D:6      | Reached skill level 9 in Spellcasting
  7120 | D:6      | Found a staircase to the Ecumenical Temple.
  7142 | Temple   | Entered the Ecumenical Temple
  7271 | Temple   | Became a worshipper of Sif Muna the Loreminder
  7632 | D:7      | Reached skill level 1 in Invocations
  8074 | D:7      | Noticed Pikel
  8144 | D:7      | Killed Pikel
  8501 | D:7      | Found a burning altar of Makhleb.
  8502 | D:7      | Found a glowing golden altar of the Shining One.
  8520 | D:7      | Mangled by a wyvern

Illustrated notes

Levels and vault maps discovered:
D:1:      dpeg_arrival_round_b, layout_basic,
          hellmonk_ecumenical_altar_inner_sanctum
D:2:      minmay_alternating_diamond, layout_basic
D:3:      layout_rooms, fedhas_altar_2, chequers_serial_rivers_room_b,
          uniq_terence, uniq_crazy_yiuf_cottage
D:4:      layout_basic, serial_shops, shop, shop_fountains,
          kennysheep_little_box, shop, nicolae_stop_n_shop_2,
          small_statue_intersection, kennysheep_generic_room_13, uniq_ijyb
D:5:      layout_cave_pools, grunt_temple_overflow_diamond, uniq_duvessa
D:6:      layout_loops_ring, minmay_temple_entry_ruins, uniq_maggie
D:7:      layout_basic, grunt_temple_overflow_open, serial_shops,
          nicolae_diamond_shop, hangedman_decor_peaks_small, uniq_pikel
Temple:   regret_index_temple_waves

Skill      XL: |  1  2  3  4  5  6  7  8  9 |
---------------+----------------------------+-----
Dodging        | 3 |  3.0
Stealth        | 3 |  3.0
Conjurations   | 2 3 4 5 6 7 |  7.7
Spellcasting   | 4 5 6 8 9 |  9.7
Air Magic      | 4 5 6 7 |  7.6
Fighting       | 1 3 4 |  4.1
Invocations    | 3 |  3.4

Action                   |  1- 3 |  4- 6 |  7- 9 || total
-------------------------+-------+-------+-------++-------
Melee: Short sword       |    12 |       |       ||    12
       Quarterstaff      |       |     5 |    19 ||    24
 Cast: Shock             |    69 |    45 |    83 ||   197
       Static Discharge  |       |    12 |    28 ||    40
       Airstrike         |       |     9 |    67 ||    76
       Swiftness         |       |     2 |     3 ||     5
  Use: Scroll            |     2 |       |     3 ||     5
       Potion            |       |     2 |     1 ||     3
 Stab: Sleeping          |     3 |       |       ||     3
Armor: Robe              |    13 |     2 |    19 ||    34
Dodge: Dodged            |    25 |    13 |    50 ||    88
